Cogmind - Beta 9.3 @@@ ROGUE MODE // 2020.01.05 @ 17:15:16 // Winter2019/RPGLIKE Player: FontPeg Result: Destroyed by G-47 Trooper with Particle Gun Performance ------------- Evolutions (2) 1000 Regions Visited (8) 1600 Robots Destroyed (53) 265 Value Destroyed (1425) 1425 Prototype IDs (31) 620 Alien Tech Used (0) 0 Bonus (578) 578 TOTAL SCORE: 5488 Bonus ------- High Alert Combat Kills 78 Entered Garrisons 200 Aligned with FarCom 300 Cogmind --------- Core Integrity 0/1000 Matter 21/300 Energy 176/280 System Corruption 0% Temperature Cool (41) Movement Flying (102) Ox1 Location -8/Storage Parts ------- > --- POWER (1) -------- Cooled Ion Engine > --- PROPULSION (2) --- Improved Flight Unit Improved Flight Unit > --- UTILITY (5) ------ Structural Scanner Improved Signal Interpreter Advanced Terrain Scanner Improved Terrain Scan Processor 0b10 Alert Chip > --- WEAPON (3) ------- Advanced Beam Cannon Ion Burst Cannon Datajack > --- INVENTORY (4) ---- PSU Rigger Heavy EM Shotgun Grenade Launcher Scatter Rocket Array Peak State ------------ > --- POWER ------------ Light Ion Engine > --- PROPULSION ------- Improved Flight Unit Improved Flight Unit > --- UTILITY ---------- Structural Scanner Improved Signal Interpreter Advanced Terrain Scanner Improved Terrain Scan Processor 0b10 Alert Chip > --- WEAPON ----------- Arc Projector Arc Projector Scatter Rocket Array > --- INVENTORY -------- Relay Coupler [NC] PSU Rigger Grenade Launcher Datajack [Rating: 37] Favorites ----------- Power Light Ion Engine Engine Light Ion Engine Propulsion Improved Flight Unit Treads Light Treads Hover Unit Hover Unit Flight Unit Improved Flight Unit Utility Structural Scanner Device Structural Scanner Processor Improved Signal Interpreter Weapon Arc Projector Energy Gun Arc Projector Energy Cannon Beam Cannon Launcher Grenade Launcher Special Melee Weapon Datajack Build | -11 -10 -9 -9 -9 -8 -8 -8 -8 ------- Run | Scr Mat Mat Min Exi Min Mat Gar Sto Slots Evolved 7 | 3 . 1 . . . 1 1 1 Power . | . . . . . . . . . Propulsion 1 | 1 . . . . . . . . Utility 4 | 1 . 1 . . . 1 . 1 Weapon 2 | 1 . . . . . . 1 . Parts Attached 44 | 5 6 14 . 1 1 3 3 11 Power 6 | 1 2 2 . . . . . 1 Engine 6 | 1 2 2 . . . . . 1 Core . | . . . . . . . . . Reactor . | . . . . . . . . . Propulsion 7 | 2 2 3 . . . . . . Treads 2 | 2 . . . . . . . . Leg . | . . . . . . . . . Wheel . | . . . . . . . . . Hover 2 | . 2 . . . . . . . Flight 3 | . . 3 . . . . . . Utility 9 | . 2 3 . . 1 1 . 2 Device 6 | . 2 2 . . . 1 . 1 Storage . | . . . . . . . . . Processor 3 | . . 1 . . 1 . . 1 Hackware . | . . . . . . . . . Protection . | . . . . . . . . . Artifact . | . . . . . . . . . Weapon 22 | 2 . 6 . 1 . 2 3 8 Energy Gun 8 | 2 . 3 . . . 2 . 1 Energy Cannon 4 | . . 1 . . . . . 3 Ballistic Gun . | . . . . . . . . . Ballistic Cannon . | . . . . . . . . . Launcher 6 | . . 1 . 1 . . 2 2 Special Weapon . | . . . . . . . . . Impact Weapon . | . . . . . . . . . Slashing Weapon . | . . . . . . . . . Piercing Weapon . | . . . . . . . . . Special Melee Weapon 4 | . . 1 . . . . 1 2 Unidentified Prototypes 7 | . . 2 . . . . . 5 Parts Lost 1 | . . 1 . . . . . . Power . | . . . . . . . . . Propulsion 1 | . . 1 . . . . . . Utility . | . . . . . . . . . Weapon . | . . . . . . . . . Highest Loss Streak 1 | . . 1 . . . . . . Average Slot Usage (%) 96 | . 82 99 100 100 100 100 100 96 Engine 11 | . 14 13 12 12 12 11 10 8 Treads 3 | . 22 . . . . . . . Hover 5 | . 5 20 . . . . . . Flight 14 | . . 5 25 25 25 22 20 18 Device 20 | . 11 27 25 25 12 19 20 18 Processor 12 | . . 3 12 12 25 22 20 26 Energy Gun 14 | . 28 10 12 9 . 5 20 9 Energy Cannon 3 | . . 12 . . . . . 5 Launcher 4 | . . 3 . 2 12 8 9 7 Special Melee Weapon 3 | . . . 12 12 12 8 . 1 Naked Turns . | . . . . . . . . . Heaviest Build 23 | 8 9 11 9 9 9 14 17 23 Greatest Support 17 | 8 17 17 17 17 17 17 17 17 Greatest Overweight (x) 1 | . 1 . . . . . . 1 Average Overweight (x) . | . . . . . . . . . Largest Inventory Capacity 4 | 2 2 2 3 3 3 4 4 4 Average Capacity 2 | 2 2 2 2 3 3 3 4 4 Most Carried 4 | 2 2 2 3 3 3 4 4 4 Average Carried 2 | . 1 1 2 2 2 2 3 3 Final Capacity 4 | 2 2 2 3 3 3 4 4 4 Final Carried 4 | 1 2 2 2 3 2 4 4 4 Class Distribution -------------------- 63% | Hacker-Scout 18% | Hacker-Mutant 15% | Mutant Dominant Class ---------------- Mutant | -10/Materials Hacker-Mutant | -9/Materials Hacker-Scout | -9/Mines Hacker-Scout | -9/Exiles Hacker-Scout | -8/Mines Hacker-Scout | -8/Materials Hacker-Scout | -8/Garrison Hacker-Scout | -8/Storage Resources | -11 -10 -9 -9 -9 -8 -8 -8 -8 ----------- Run | Scr Mat Mat Min Exi Min Mat Gar Sto Matter Collected 766 | 243 58 274 . . . . 116 75 Remotely . | . . . . . . . . . Salvage Created 1361 | . 242 687 . . . . 357 75 Parts 100 | . 15 52 . . . . 23 10 Haulers Intercepted 5 | . 1 4 . . . . . . Recyclers Shooed . | . . . . . . . . . Parts Field Recycled . | . . . . . . . . . Retrieved Matter . | . . . . . . . . . Parts Self-Destructed . | . . . . . . . . . Prevented . | . . . . . . . . . Kills | -11 -10 -9 -9 -9 -8 -8 -8 -8 ------- Run | Scr Mat Mat Min Exi Min Mat Gar Sto Combat Hostiles Destroyed 35 | . 4 16 . . . . 14 1 Guns 9 | . 4 2 . . . . 3 . Cannons 4 | . . 3 . . . . . 1 AOE 22 | . . 11 . . . . 11 . Classes Destroyed 10 | . 3 5 . . . . 2 . Worker 3 | . . 2 . . . . . 1 Builder 4 | . . 2 . . . . . 2 Hauler 5 | . 1 4 . . . . . . Mechanic 1 | . . 1 . . . . . . Operator 2 | . . 2 . . . . . . Watcher 3 | . 1 2 . . . . . . Swarmer 11 | . . 7 . . . . 4 . Grunt 19 | . 4 9 . . . . 5 1 Sentry 4 | . . . . . . . 4 . Hunter 1 | . . . . . . . 1 . Best Kill Streak 15 | . 3 15 . . . . 8 2 Combat Bots Only 11 | . 2 11 . . . . 8 1 Max Kills in Single Turn 5 | . 1 5 . . . . 2 1 Gunslinging . | . . . . . . . . . Exploded 4 | . . 4 . . . . 2 . Melee . | . . . . . . . . . Uniques/NPCs Destroyed . | . . . . . . . . . Combat | -11 -10 -9 -9 -9 -8 -8 -8 -8 -------- Run | Scr Mat Mat Min Exi Min Mat Gar Sto Damage Taken 1617 | . 301 371 . . . . 779 166 Core 1296 | . 238 290 . . . . 629 139 Absorbed by Shields . | . . . . . . . . . Redirected to Core 1005 | . 206 237 . . . . 481 81 Core Remaining (%) 76 | 100 66 . . . 64 . . . Volleys Fired 117 | . 14 55 . . . . 29 19 Largest 3 | . 2 2 . . . . 3 2 Hottest 168 | . 90 110 . . . . 140 168 Shots Fired 207 | . 28 104 . . . . 47 28 Gun 89 | . 28 34 . . . . 23 4 Cannon 77 | . . 54 . . . . . 23 Launcher 41 | . . 16 . . . . 24 1 Special . | . . . . . . . . . Kinetic . | . . . . . . . . . Thermal 138 | . 28 87 . . . . . 23 Explosive 41 | . . 16 . . . . 24 1 Electromagnetic 28 | . . 1 . . . . 23 4 Robot Hit Streak 12 | . 10 11 . . . . 8 12 Robot Miss Streak 7 | . 3 7 . . . . 3 3 Penetration Max . | . . . . . . . . . Secondary Targets . | . . . . . . . . . Shots Hit Robots 110 | . 19 43 . . 1 . 30 17 Core Hits 90 | . 11 40 . . . . 33 6 Critical Hits 1 | . . . . . . . . 1 Critical Kills . | . . . . . . . . . Critical Parts Destroyed 1 | . . . . . . . . 1 Melee Attacks 2 | . . . . . 1 . 1 . Impact . | . . . . . . . . . Slashing . | . . . . . . . . . Piercing . | . . . . . . . . . Sneak Attacks 1 | . . . . . 1 . . . Combat Hostiles . | . . . . . . . . . Follow-up Attacks . | . . . . . . . . . Damage Inflicted 3221 | . 235 1419 . . . . 1172 395 Guns 604 | . 235 226 . . . . 143 . Cannons 764 | . . 369 . . . . . 395 Explosions 1853 | . . 824 . . . . 1029 . Melee . | . . . . . . . . . Ramming . | . . . . . . . . . Kinetic . | . . . . . . . . . Thermal 1296 | . 235 595 . . . . 71 395 Explosive 1782 | . . 824 . . . . 958 . Electromagnetic 143 | . . . . . . . 143 . Impact . | . . . . . . . . . Slashing . | . . . . . . . . . Piercing . | . . . . . . . . . Highest Corruption 2 | . . 2 2 2 2 . . . Average Corruption 2 | . . 2 2 2 2 . . . Corruption Purged . | . . . . . . . . . Effects 3 | . . . 1 1 1 . . . Energy Discharges 3 | . . . 1 1 1 . . . Overload Shots . | . . . . . . . . . Overflow Damage 19 | . . 18 . . . . 1 . Projectiles . | . . . . . . . . . Explosions 19 | . . 18 . . . . 1 . Melee . | . . . . . . . . . Knockbacks . | . . . . . . . . . Impact . | . . . . . . . . . Kinetic . | . . . . . . . . . Secondary . | . . . . . . . . . Self-Inflicted Damage 124 | . . 40 . . . . 84 . Shots 7 | . . 2 . . . . 5 . Rammed . | . . . . . . . . . Targets Rammed . | . . . . . . . . . Kicked . | . . . . . . . . . Crushed . | . . . . . . . . . Highest Temperature 538 | . 24 538 . . . . 21 71 Average Temperature 149 | . 10 193 . . . . 11 33 Received Heat Transfer 678 | . 150 123 . . . . 297 108 Effects 19 | . . 19 . . . . . . Shutdowns 3 | . . 3 . . . . . . Energy Bleed 1 | . . 1 . . . . . . Interference 6 | . . 6 . . . . . . Short Circuit 1 | . . 1 . . . . . . Damage (minor) 1 | . . 1 . . . . . . Damage (major) 7 | . . 7 . . . . . . Siege Activations . | . . . . . . . . . Robots Corrupted . | . . . . . . . . . Combat Hostiles . | . . . . . . . . . Parts Fried . | . . . . . . . . . Impact Corruptions . | . . . . . . . . . Robots Melted . | . . . . . . . . . Combat Hostiles . | . . . . . . . . . Parts Melted 6 | . 1 5 . . . . . . Heat Transferred 2782 | . 632 1443 . . . . 100 607 Parts Sabotaged . | . . . . . . . . . Parts Stolen . | . . . . . . . . . Parts Stripped . | . . . . . . . . . Power Chain Reactions 1 | . . . . . . . 1 . Missiles Intercepted . | . . . . . . . . . Alert | -11 -10 -9 -9 -9 -8 -8 -8 -8 ------- Run | Scr Mat Mat Min Exi Min Mat Gar Sto Peak Influence 600 | . 174 600 193 . . . 532 346 Average Influence 213 | . 66 266 183 . . . 279 284 Maximum Alert Level 2 | . . 2 . . . . 2 1 Low Security (%) 52 | 100 100 56 100 . 100 100 34 . Level 1 27 | . . 8 . . . . 25 100 Level 2 19 | . . 35 . . . . 40 . Level 3 . | . . . . . . . . . Level 4 . | . . . . . . . . . Level 5 . | . . . . . . . . . High Security . | . . . . . . . . . Max Security . | . . . . . . . . . Squads Dispatched 7 | . 2 4 . . . . . 1 Investigation 2 | . . 2 . . . . . . Extermination . | . . . . . . . . . Reinforcement 5 | . 2 2 . . . . . 1 Assault . | . . . . . . . . . Garrison . | . . . . . . . . . Intercept . | . . . . . . . . . Construction Impeded 1 | . . . . . . . . 1 Haulers Reinforced . | . . . . . . . . . Stealth | -11 -10 -9 -9 -9 -8 -8 -8 -8 --------- Run | Scr Mat Mat Min Exi Min Mat Gar Sto Distress Signals 3 | . 1 2 . . . . . . Communications Jammed . | . . . . . . . . . Distress Signals . | . . . . . . . . . Times Spotted 60 | . 15 26 . . . . 14 5 Peak Tracking Total 12 | . 5 12 . . . . 8 4 Tactical Retreats 4 | . 2 . . . . . 1 1 Traps | -11 -10 -9 -9 -9 -8 -8 -8 -8 ------- Run | Scr Mat Mat Min Exi Min Mat Gar Sto Traps Triggered 5 | . 1 1 . . . . 3 . Indirectly . | . . . . . . . . . Trap Hack Attempts . | . . . . . . . . . Triggered . | . . . . . . . . . Disarmed 7 | . . 7 . . . . . . Reprogrammed . | . . . . . . . . . Reused . | . . . . . . . . . Traps Extracted . | . . . . . . . . . Installed . | . . . . . . . . . Triggered . | . . . . . . . . . Machines | -11 -10 -9 -9 -9 -8 -8 -8 -8 ---------- Run | Scr Mat Mat Min Exi Min Mat Gar Sto Machines Disabled 4 | . . 2 . . . . 1 1 Max in Single Turn 1 | . . 1 . . . . 1 1 Garrison Relay 2 | . . . . . . . 2 . Machines Sabotaged . | . . . . . . . . . Garrisons Compromised . | . . . . . . . . . Overloaded Fab Kills . | . . . . . . . . . Fab Network Shutdowns . | . . . . . . . . . Hacking | -11 -10 -9 -9 -9 -8 -8 -8 -8 --------- Run | Scr Mat Mat Min Exi Min Mat Gar Sto Machines Accessed 10 | . . 5 . 2 . 1 . 2 Terminals 7 | . . 5 . . . . . 2 Fabricators . | . . . . . . . . . Repair Stations . | . . . . . . . . . Recycling Units . | . . . . . . . . . Scanalyzers . | . . . . . . . . . Garrison Access 1 | . . . . . . 1 . . Total Hacks 21 | . . 16 . 2 . 1 . 2 Successful 18 | . . 13 . 2 . 1 . 2 Failed 3 | . . 3 . . . . . . Catastrophic . | . . . . . . . . . Database Lockouts . | . . . . . . . . . Manual 15 | . . 14 . 1 . . . . Terminals 18 | . . 16 . . . . . 2 Fabricators . | . . . . . . . . . Repair Stations . | . . . . . . . . . Recycling Units . | . . . . . . . . . Scanalyzers . | . . . . . . . . . Garrison Access 1 | . . . . . . 1 . . Terminal Hacks 11 | . . 7 . 2 . . . 2 Record 1 | . . . . 1 . . . . Prototype ID Bank 1 | . . 1 . . . . . . Open Door 2 | . . . . . . . . 2 Branch Access Points 1 | . . 1 . . . . . . Terminal Index 1 | . . 1 . . . . . . Disarm Traps 3 | . . 3 . . . . . . Recall Reinforcements 1 | . . 1 . . . . . . EX-Prototype ID Bank 1 | . . . . 1 . . . . Fabricator Hacks . | . . . . . . . . . Repair Station Hacks . | . . . . . . . . . Recycling Unit Hacks . | . . . . . . . . . Scanalyzer . | . . . . . . . . . Garrison Access Hacks 1 | . . . . . . 1 . . Unlock Access 1 | . . . . . . 1 . . Unauthorized Hacks 15 | . . 15 . . . . . . Terminals 6 | . . 6 . . . . . . Track 2 | . . 2 . . . . . . Botnet 3 | . . 3 . . . . . . Disrupt 1 | . . 1 . . . . . . Fabricators . | . . . . . . . . . Repair Stations . | . . . . . . . . . Recycling Units . | . . . . . . . . . Scanalyzers . | . . . . . . . . . Garrison Access . | . . . . . . . . . Data Cores Recovered 1 | . . 1 . . . . . . Used 1 | . . 1 . . . . . . Hacking Detections 7 | . . 5 . . . . . 2 Full Trace Events 3 | . . 3 . . . . . . Feedback Events . | . . . . . . . . . Feedback Blocked . | . . . . . . . . . Robot Schematics Acquired . | . . . . . . . . . Robots Built . | . . . . . . . . . Matter . | . . . . . . . . . Time . | . . . . . . . . . Total Robot Build Rating . | . . . . . . . . . Part Schematics Acquired . | . . . . . . . . . Parts Built . | . . . . . . . . . Matter . | . . . . . . . . . Time . | . . . . . . . . . Total Part Build Rating . | . . . . . . . . . Parts Repaired . | . . . . . . . . . Time . | . . . . . . . . . Parts Recycled . | . . . . . . . . . Recycled Matter . | . . . . . . . . . Retrieved Matter . | . . . . . . . . . Retrieved Components . | . . . . . . . . . Parts Scanalyzed . | . . . . . . . . . Part Schematics Acquired . | . . . . . . . . . Parts Damaged . | . . . . . . . . . Bothacking | -11 -10 -9 -9 -9 -8 -8 -8 -8 ------------ Run | Scr Mat Mat Min Exi Min Mat Gar Sto Used RIF Installer . | . . . . . . . . . Robots Hacked . | . . . . . . . . . Non-combat . | . . . . . . . . . Combat . | . . . . . . . . . Robot Hacks Applied . | . . . . . . . . . Relay Couplers Released 3 | . . . . . . . 3 . Machine Destruction 3 | . . . . . . . 3 . Robots Rewired . | . . . . . . . . . Allies Hacked . | . . . . . . . . . Hacks Repelled . | . . . . . . . . . Allies | -11 -10 -9 -9 -9 -8 -8 -8 -8 -------- Run | Scr Mat Mat Min Exi Min Mat Gar Sto Total Allies . | . . . . . . . . . Largest Group . | . . . . . . . . . Highest-Rated Group . | . . . . . . . . . Highest-Rated Ally . | . . . . . . . . . Total Orders . | . . . . . . . . . Ally Attacks . | . . . . . . . . . Total Damage . | . . . . . . . . . Kills . | . . . . . . . . . Allies Corrupted . | . . . . . . . . . Allies Melted . | . . . . . . . . . Intel | -11 -10 -9 -9 -9 -8 -8 -8 -8 ------- Run | Scr Mat Mat Min Exi Min Mat Gar Sto Robot Analysis Total . | . . . . . . . . . Derelict Logs Recovered 1 | . . . 1 . . . . . Drone Launches . | . . . . . . . . . Drone Recoveries . | . . . . . . . . . Exploration | -11 -10 -9 -9 -9 -8 -8 -8 -8 ------------- Run | Scr Mat Mat Min Exi Min Mat Gar Sto Turns Passed 1818 | 35 277 444 30 329 43 34 332 294 Spaces Moved 2725 | 48 327 432 75 992 123 64 431 233 Core 313 | 48 265 . . . . . . . Treads . | . . . . . . . . . Legs . | . . . . . . . . . Wheels . | . . . . . . . . . Hover 407 | . 62 345 . . . . . . Flight 2005 | . . 87 75 992 123 64 431 233 Fastest Speed 32 | 50 50 32 32 32 32 32 32 32 Average Speed 39 | 50 57 52 32 32 32 32 32 37 Slowest Speed 102 | 50 100 60 32 32 32 32 32 102 Overloaded Moves . | . . . . . . . . . Propulsion Burnouts . | . . . . . . . . . Robots Hopped 1 | . . 1 . . . . . . Cave-ins Triggered . | . . . . . . . . . Exploration Rate (%) 34 | 3 45 41 23 94 35 6 50 16 Regions Visited 8 Branch Regions 4 Pre-discovered Areas . | . . . . . . . . . Known Exits Taken 5 | . . 1 1 1 1 1 . . Unknown Exits Taken 2 | 1 1 . . . . . . . Scrap Searched . | . . . . . . . . . Spaces Dug . | . . . . . . . . . Terrain Destroyed 131 | . . 51 . . . . 74 6 Melee . | . . . . . . . . . Projectile . | . . . . . . . . . AOE 131 | . . 51 . . . . 74 6 Actions | -11 -10 -9 -9 -9 -8 -8 -8 -8 --------- Run | Scr Mat Mat Min Exi Min Mat Gar Sto Total 3257 | 58 386 546 80 1002 125 77 577 406 Wait 256 | . 31 20 4 7 . . 57 137 Move 2715 | 47 326 429 74 991 122 63 430 233 Hop 1 | . . 1 . . . . . . Pick Up 24 | 6 2 4 1 2 . 7 1 1 Fast Attach 16 | . 5 7 . . . . . 4 Attach 10 | 5 . 1 . . 1 1 1 1 Detach 1 | . . . . . . . . 1 Swap 18 | . 1 6 . 1 . 2 2 6 Drop 29 | . 5 13 1 1 1 4 . 4 Fire 117 | . 14 55 . . . . 29 19 Melee 2 | . . . . . 1 . 1 . Ram . | . . . . . . . . . Kick . | . . . . . . . . . Crush . | . . . . . . . . . Escape Stasis 54 | . . . . . . . 54 . Rewire . | . . . . . . . . . Trap . | . . . . . . . . . Miscellaneous 14 | . 2 10 . . . . 2 . Route ------- -11/Scrapyard -10/Materials -9/Materials (discovered 2 exits: *Min x2) -9/Mines (discovered 2 exits: Mat / *Exi) -9/Exiles (discovered 2 exits: *Min x2) -8/Mines -8/Materials -8/Garrison (discovered 2 exits: *Sto x2) -8/Storage History --------- Turn | Location | Event 1 | -11/Scrapyard | Upgraded with Propulsion slot (x1) 1 | -11/Scrapyard | Upgraded with Utility slot (x1) 1 | -11/Scrapyard | Upgraded with Weapon slot (x1) 11 | -11/Scrapyard | Discovered new exit (range 15) 36 | -11/Scrapyard | Entered Materials 304 | -10/Materials | Discovered new exit (range 14) 313 | -10/Materials | Entered another Materials area 315 | -9/Materials | Reached level 2 592 | -9/Materials | Build established: Hacker-Mutant 601 | -9/Materials | Reached level 3 633 | -9/Materials | Upgraded with Utility slot (x1) 638 | -9/Materials | Destroyed 11 combat bots 684 | -9/Materials | Identified exit to Mines 757 | -9/Materials | Entered Mines 759 | -9/Mines | Reached level 4 766 | -9/Mines | Assembled infested the area 768 | -9/Mines | Identified exit to Materials 774 | -9/Mines | Assisted by bots powering up and referring to "LRC-V3" 785 | -9/Mines | Deemed a non-threat by the Exiles lab entrance 785 | -9/Mines | Discovered new exit (range 5) 786 | -9/Mines | Identified exit to Exiles 787 | -9/Mines | Entered Exiles 792 | -9/Exiles | Discovered new exit (range 16) 797 | -9/Exiles | Identified exit to Mines 804 | -9/Exiles | Met 8R-AWN 809 | -9/Exiles | Met EX-HEX 821 | -9/Exiles | Met EX-DEC 836 | -9/Exiles | Visited The Gauntlet 881 | -9/Exiles | Discovered exit to Mines (range 11) 903 | -9/Exiles | Met EX-BIN 913 | -9/Exiles | Build established: Hacker-Scout 943 | -9/Exiles | Aligned with FarCom system 943 | -9/Exiles | Given EX-Vault access code 951 | -9/Exiles | Opened EX-Vault 954 | -9/Exiles | Found 0b10 Alert Chip 961 | -9/Exiles | Warned to stay clear of 0b10 Research branches 1078 | -9/Exiles | Found PSU Rigger 1116 | -9/Exiles | Stole two prototypes: 0b10 Alert Chip, PSU Rigger 1116 | -9/Exiles | Entered Mines 1136 | -8/Mines | Discovered exit to Materials (range 6) 1159 | -8/Mines | Entered Materials 1161 | -8/Materials | Reached level 5 1161 | -8/Materials | Upgraded with Utility slot (x1) 1185 | -8/Materials | Identified exit to Garrison 1193 | -8/Materials | Entered Garrison 1195 | -8/Garrison | Reached level 6 1195 | -8/Garrison | Upgraded with Weapon slot (x1) 1225 | -8/Garrison | Garrison Relay disabled 1232 | -8/Garrison | Triggered checkpoint 1268 | -8/Garrison | Triggered checkpoint 1269 | -8/Garrison | Triggered checkpoint 1290 | -8/Garrison | Core integrity fell below 50% 1314 | -8/Garrison | Discovered new exit (range 10) 1316 | -8/Garrison | Identified exit to Storage 1325 | -8/Garrison | Core integrity fell below 20% 1339 | -8/Garrison | Reached level 7 1386 | -8/Garrison | Destroyed 8 combat bots 1447 | -8/Garrison | Discovered exit to Storage (range 9) 1516 | -8/Garrison | Triggered checkpoint 1525 | -8/Garrison | Entered Storage 1527 | -8/Storage | Reached level 8 1535 | -8/Storage | Upgraded with Utility slot (x1) 1598 | -8/Storage | Found Prototype Launcher 1599 | -8/Storage | Identified Scatter Rocket Array 1819 | -8/Storage | Destroyed by G-47 Trooper with Particle Gun Last Messages --------------- 01713_ U-05 Engineer destroyed. 01714_ U-05 Engineer builds a Wall. 01716_ Acquired 28 matter. 01718_ The unstable cave ceiling collapses. 01721_ ALERT: Construction progress impeded, dispatching reinforcements to local area. 01724_ U-05 Engineer destroyed. 01728_ Acquired 25 matter. 01731_ Acquired Prototype Energy Gun. 01731_ Identified Hvy. EM Shotgun. 01745_ Dropped Relay Coupler [NC]. 01766_ Connecting with Terminal... >>Open Sealed Heavy Doors opened. 01767_ Acquired Prototype Energy Cannon. 01767_ Identified Ion Burst Cannon. 01777_ K-01 Serf cleans the Recycling Unit. 01801_ G-47 Trooper suffers critical hit. 01801_ Destroyed Aluminum Leg. 01801_ G-47 Trooper destroyed. Map ----- +----------------------------------------------------+ | ?### ################## # ### ?"""?#??????? | | #### ############### ## ######### """?????????? | | #### # ### ## ########## ? ??????????? | | ?### # ### T# #? #?##????### ?????? | | #??# # ###+## ## ? ??####? ##?? ????? | | #### # """ """ + ## ## ?##?#?# ????"??? | | #### + """ """ ### # # ?+? ? ? ???????? | | ?### # """ """ ### # # ? #?#??#??#?????? ?? | | #?## # ### # # ? #####?###?#+?????? | | ?### ############### #? ####?#? ???????? | | #?## #### ##### #######?###?#? ? ??????? | | ?#?# #### ? ?+o ^ #?#?######?????????????? | | #### #### ## ######?##?### ????????? | | ##?# + """ ?# #T####?#???#?#?#???????? | | ?### # """?## "Y" + ####? ?????????? | | #?## # ?"" ## """ ######## """"??????????? | | ??## #####?### ####??## "?"?"? #?? ???? | | ???# Y #?###### ""??? ?#??????? | | ???# ?##### ######## ######?? ? ????????"? | | ???# ######/####?### ####?### ""?"???Y? ????? | | ???# ?#?#? ? ??# ####???# "?""?? ???????? | | ???##+###?#??# ? ### #?####???????????#?????? | | ??? ?? ? ?"""? ???### ####?#?# ? ?????# ????? | | #????? ""??R ?? """"#?#!##??#???###????##??????? | | ??????? ??#?"?? ? ?"?"###g######? ? ? ? ????? | | ????? ????###? ? "???# @/ ##?? ? ? ? ?????? | | ????????"???#? ? ?"??#[ #? ?? ???? ?????? | | ??????? "??##??? ??? g #?###?#???????????? | | ?????? ?? ?#?? ? ? # !!] ##??? ?? ???#?????? | | ??????????##??#??#+#############???? """" #?????? | | ??????#?????#??#? ????? ? ??? ? /?? ???????????? | | ?????#??? ?? ???? ? ??#?##?##???????"?? ??????? | | ??????? ? ???"?# ? ?? ?? ?#????#? ??"?"????????? | | ??????? ????????# ?? ???? #?#?#??????? ??????? | | ??????? ??? "??##? ? ?? T ?###??????????????????? | | ????????"?"?? ??????? ?? ??###?? ??? ????????? | | ?????????????? ## ????? ? ???#???#?? ?? ???????? | | ????????"?? ???##??#??#?????#???#???#?##Y????????? | | ????????? ???? ##? #??#? ???##?###??#??#????????? | | ??????????#???### ????#? ???#??????????????????? | | ????????????? ?? ? ##?#????#?#?##???#????????????? | | ???????????????? ???#?? ???#?##??#?????????????? | | ??????????????+##?????#??? #?##???#??????????????? | | ???????????????????##????? ??????????????????????? | | ???????????????????#??#??? ??????????????????????? | | ?????????????????????????????????????????????????? | | ?????????????????????????????????????????????????? | | ?????????????????????????????????????????????????? | | ?????????????????????????????????????????????????? | | ?????????????????????????????????????????????????? | +----------------------------------------------------+ Best States ------------- Heat Dissipation 55 Energy Generation 14 Energy Capacity 280 Matter Stores 300 Matter Capacity 300 Sight Range 17 Robot Scan Range 10 Terrain Scan Range 20 Terrain Scan Density 110 Resistance: KI 15 Resistance: TH 15 Resistance: EX 5 Evasion (%) 63 Offensive Hacking 20 Item Schematics ----------------- None Robot Schematics ------------------ None Fabricated ------------ Nothing Alien Tech Used ----------------- None Achievements -------------- None Challenges ------------ None RPGLIKE | -11 -10 -9 -9 -9 -8 -8 -8 -8 --------- Run | Scr Mat Mat Min Exi Min Mat Gar Sto Levels Raised 7 | . . 2 1 . . 1 2 1 XP Earned 13743 | 3000 570 3788 500 350 500 1500 2310 1225 XP Spent 13480 | 2950 . 2855 750 . . 2400 2975 1550 Upgrades 37 | 8 . 12 1 . . 4 10 2 Propulsion Slot 1 | 1 . . . . . . . . Utility Slot 4 | 1 . 1 . . . 1 . 1 Weapon Slot 2 | 1 . . . . . . 1 . Core Integrity 8 | . . 3 . . . . 5 . Heat Dissipation 5 | . . 5 . . . . . . Mass Support 1 | 1 . . . . . . . . Inventory Capacity 4 | 2 . . 1 . . 1 . . Sight Range 1 | . . 1 . . . . . . Hack Attack % 4 | 2 . 2 . . . . . . KI Resistance % 3 | . . . . . . 1 2 . TH Resistance % 3 | . . . . . . 1 2 . EX Resistance % 1 | . . . . . . . . 1 Protomatter Created 222 | . 45 69 . . . . 60 48 Integrity Restored 289 | . 37 222 . . . . 30 . Core 289 | . 37 222 . . . . 30 . Protomatter Decayed . | . . . . . . . . . Game ------ Seed AluminumActuatorTorch Manual? 0 Play Time 00:44:19 Cumulative 42.6 hours Start 2020.01.05 @ 15:09:01 End 2020.01.05 @ 17:15:16 Sessions 3 Manual Loads 0 Difficulty Rogue Special Mode Winter2019/RPGLIKE Game No. 63 Rogue 63 Adventurer 0 Explorer 0 Win Type - Total 0 Types 0/0/0/0/0/0/0 Lore% 26 Gallery% 38 Achievement% 28 Wizard Run 0 Options --------- ASCII 0 Keyboard 0 Movement Mouse Keybinds 0 Fullscreen 1 Font 18/X11 Map View 76x50 Tactical HUD 1 Map Filters NONE Filters NONE Steam 1 RUN: 9c15c722-1fa2-41e3-9422-dd0573cdf244